[Event "December 12 Early 2023"]
[Site "https://www.chess.com"]
[Date "2023.12.12"]
[Round "10"]
[White "Principe, Gerson"]
[Black "Haug, Havard"]
[Result "0-1"]
[Board "29"]
[TimeControl "180+1"]
[WhiteFideId "3804550"]
[BlackFideId "1547887"]
[WhiteElo "2633"]
[BlackElo "2761"]
[WhiteTeam "PER"]
[BlackTeam "NOR"]
[WhiteClock "0:00:03"]
[BlackClock "0:00:09"]

1. d4 d5 2. Nf3 e6 3. c4 c5 4. cxd5 exd5 5. Nc3 Nf6 6. e3 c4 7. Ne5 Be6 8. Be2 Nbd7 9. f4 g6 10. O-O h5 11. Bf3 Bg7 12. e4 dxe4 13. Nxe4 O-O 14. Ng5 Bd5 15. Be3 b5 16. f5 Bxf3 17. Qxf3 Nxe5 18. dxe5 Nh7 19. f6 Nxg5 20. Bxg5 Bh8 21. e6 Qb6+ 22. Kh1 Qxe6 23. Rae1 Qa6 24. a3 Rad8 25. Re7 Rd3 26. Qf4 Qc6 27. Bh6 Qxf6 28. Qxf6 Bxf6 29. Bxf8 Kxf8 30. Rxa7 Kg7 31. g3 Rd2 32. a4 b4 33. Rc7 c3 34. bxc3 bxc3 35. Rc1 Ra2 36. Rc4 Be5 37. R4xc3 Bxc3 38. Rxc3 Rxa4 39. Kg2 h4 40. gxh4 Rxh4 41. Rc7 Re4 42. Kg3 Ra4 43. Rb7 Ra3+ 44. Kg4 Ra4+ 45. Kg3 Ra3+ 46. Kg4 Rd3 47. Ra7 Rd4+ 48. Kg3 Rd5 49. Rb7 Rf5 50. Ra7 Kh6 51. Ra4 Rf1 52. Ra5 f5 53. Ra8 Rb1 54. Rh8+ Kg7 55. Ra8 Rb3+ 56. Kg2 g5 57. Ra6 Re3 58. Rb6 Re4 59. Kg3 Rh4 60. Ra6 Rh6 61. h3 Rxa6 0-1

[Event "December 12 Early 2023"]
[Site "https://www.chess.com"]
[Date "2023.12.12"]
[Round "10"]
[White "Vlassov, Nikolai"]
[Black "Kozak, Antoni"]
[Result "0-1"]
[Board "30"]
[TimeControl "180+1"]
[WhiteFideId "4103360"]
[BlackFideId "21832030"]
[WhiteElo "2631"]
[BlackElo "2759"]
[WhiteTeam "FID"]
[BlackTeam "POL"]
[WhiteClock "0:00:49"]
[BlackClock "0:01:32"]

1. e4 c5 2. c3 Nf6 3. e5 Nd5 4. d4 cxd4 5. cxd4 d6 6. Bc4 Nb6 7. Bb3 dxe5 8. Qh5 e6 9. dxe5 Nc6 10. Nc3 g6 11. Qg5 Be7 12. Qg3 Nd4 13. Nf3 Nf5 14. Qf4 Bd7 15. g4 Nh4 16. Nxh4 g5 17. Qe3 gxh4 18. Ne4 Bc6 19. Bd2 Nd5 20. Qe2 Qc7 21. f4 O-O-O 22. Rc1 Kb8 23. h3 Qb6 24. Rh2 Qg1+ 0-1

[Event "December 12 Early 2023"]
[Site "https://www.chess.com"]
[Date "2023.12.12"]
[Round "10"]
[White "Krzyzanowski, Marcin"]
[Black "Kim, Sergey"]
[Result "1-0"]
[Board "31"]
[TimeControl "180+1"]
[WhiteFideId "1132199"]
[BlackFideId "13700570"]
[WhiteElo "2735"]
[BlackElo "2619"]
[WhiteTeam "POL"]
[BlackTeam "KAZ"]
[WhiteClock "0:00:05"]
[BlackClock "0:00:03"]

1. e4 e5 2. Nf3 Nc6 3. Bc4 Bc5 4. c3 Nf6 5. d3 d6 6. O-O a6 7. Nbd2 Ba7 8. Bb3 O-O 9. h3 Nh5 10. Re1 Qf6 11. Nf1 Nf4 12. Be3 Be6 13. Kh2 Ne7 14. d4 Neg6 15. Ng3 h5 16. dxe5 Nxe5 17. Nxe5 Qxe5 18. Bxa7 Rxa7 19. Qd4 Raa8 20. Qxe5 dxe5 21. Bxe6 fxe6 22. Rad1 Rad8 23. f3 g6 24. Nf1 b5 25. Ne3 Kf7 26. a4 Ke7 27. axb5 axb5 28. Ra1 Rd2 29. b4 Rfd8 30. Ra5 R8d3 31. Rxb5 Rxc3 32. Rxe5 h4 33. Nd5+ Nxd5 34. exd5 Rxf3 35. Rxe6+ Kd7 36. Rxg6 Rff2 37. Re5 Rd4 38. b5 Rb4 39. d6 cxd6 40. Rd5 Kc7 41. Rgxd6 Rb1 42. Rc6+ Kb7 43. Rc4 Rbb2 44. Rg5 Rfc2 45. Rxh4 Kb6 46. Re4 Rc5 47. Re6+ Kxb5 48. Rxc5+ Kxc5 49. h4 Kd5 50. Re1 Rb6 51. Kh3 Rb3+ 52. g3 Rb4 53. h5 Rb2 54. Kg4 Rb4+ 55. Kg5 Rb3 56. g4 Rb8 57. h6 Rg8+ 58. Kh5 1-0

[Event "December 12 Early 2023"]
[Site "https://www.chess.com"]
[Date "2023.12.12"]
[Round "10"]
[White "Manukian, Artak"]
[Black "Makhnev, Denis"]
[Result "0-1"]
[Board "32"]
[TimeControl "180+1"]
[WhiteFideId "13301373"]
[BlackFideId "13707647"]
[WhiteElo "2608"]
[BlackElo "2703"]
[WhiteTeam "ARM"]
[BlackTeam "KAZ"]
[WhiteClock "0:00:09"]
[BlackClock "0:00:12"]

1. e4 c6 2. d4 d5 3. e5 Bf5 4. c4 e6 5. Nc3 Nd7 6. Nf3 Ne7 7. Nh4 Bg6 8. Bg5 Qb6 9. Qd2 Nf5 10. Nxf5 Bxf5 11. c5 Qc7 12. Bd3 Bxd3 13. Qxd3 b6 14. cxb6 axb6 15. O-O h6 16. Bh4 c5 17. Nb5 Qc6 18. a4 g5 19. Bg3 Be7 20. Rfc1 O-O 21. h4 Rfc8 22. hxg5 hxg5 23. b3 Nf8 24. f4 Qd7 25. Qf3 cxd4 26. Bf2 gxf4 27. Qxf4 Ng6 28. Qxd4 Bc5 29. Qg4 Bxf2+ 30. Kxf2 Rxc1 31. Rxc1 Rc8 32. Rxc8+ Qxc8 33. Qe2 Qc5+ 34. Kg3 d4 35. Qe4 d3 36. Qxd3 Qxe5+ 37. Kf2 Nf4 38. Qf3 f5 39. Nc3 Qd4+ 40. Kg3 Nd3 41. Ne2 Qe5+ 42. Kh3 Qxe2 43. Qa8+ Kg7 44. Qb7+ Kf6 45. Qxb6 Nf4+ 46. Kg3 Ng6 47. Qd4+ Qe5+ 48. Qxe5+ Kxe5 49. a5 Ne7 50. a6 Nc6 51. b4 Na7 52. Kf3 f4 53. g4 fxg3 54. Kxg3 Kd4 55. Kf2 e5 56. Ke2 e4 57. Ke1 e3 58. Ke2 Ke4 59. Ke1 Kd3 60. Kd1 e2+ 61. Ke1 Ke3 62. b5 Nxb5 63. a7 Nd4 64. a8=Q Nc2# 0-1

[Event "December 12 Early 2023"]
[Site "https://www.chess.com"]
[Date "2023.12.12"]
[Round "10"]
[White "Shubenkova, Veronika"]
[Black "Aaditya Dhingra"]
[Result "0-1"]
[Board "33"]
[TimeControl "180+1"]
[WhiteFideId "44124040"]
[BlackFideId "25678191"]
[WhiteElo "2605"]
[BlackElo "2697"]
[WhiteTeam "RUS"]
[BlackTeam "IND"]
[WhiteClock "0:00:00"]
[BlackClock "0:00:08"]

1. d4 Nf6 2. e3 b6 3. f4 Bb7 4. Nf3 e6 5. c3 g6 6. Bd3 Bg7 7. O-O O-O 8. Nbd2 d6 9. e4 c5 10. e5 Nd5 11. Ne4 dxe5 12. dxe5 Qc7 13. Nd6 Bc6 14. Ng5 h6 15. Nge4 Nd7 16. Qg4 Ne7 17. Bd2 Nf5 18. Rad1 Rad8 19. Qh3 Bxe4 20. Nxe4 c4 21. Bc2 Nc5 22. Nd6 Nxd6 23. exd6 Qxd6 24. f5 exf5 25. Bxh6 Nd3 26. Bxg7 Kxg7 27. Bxd3 cxd3 28. Rf3 d2 29. Rf2 Rfe8 30. Qf3 Re1+ 31. Rf1 Qc5+ 32. Qf2 Rxf1+ 33. Kxf1 Qc4+ 34. Qe2 Qf4+ 35. Kg1 Rd7 36. Qf2 Qe4 37. h4 Qc2 38. Qf3 Re7 39. Kf1 Qxb2 40. h5 Qc2 41. hxg6 fxg6 42. a3 a5 43. g3 b5 44. Kf2 Qc1 45. c4 Qxc4 46. Rxd2 Qc5+ 47. Kg2 Qe5 48. Rf2 b4 49. axb4 axb4 50. Qb3 Qe4+ 51. Qf3 Qxf3+ 52. Kxf3 b3 53. Rb2 Rb7 54. Ke3 Kf6 55. Kf3 Ke5 56. Ke3 Kd5 57. Kd3 g5 58. Rf2 b2 59. Rxf5+ Ke6 0-1

[Event "December 12 Early 2023"]
[Site "https://www.chess.com"]
[Date "2023.12.12"]
[Round "10"]
[White "Zeneli, Klendi"]
[Black "Yaran, Siar"]
[Result "0-1"]
[Board "34"]
[TimeControl "180+1"]
[WhiteFideId "4706609"]
[BlackFideId "6323006"]
[WhiteElo "2407"]
[BlackElo "2691"]
[WhiteTeam "ALB"]
[BlackTeam "TUR"]
[WhiteClock "0:01:03"]
[BlackClock "0:01:09"]

1. e4 e5 2. Nf3 Nc6 3. Bc4 Bc5 4. c3 Nf6 5. d3 a6 6. O-O O-O 7. a4 Re8 8. h3 h6 9. Re1 Bf8 10. Nbd2 d6 11. Nf1 Be6 12. Ng3 g6 13. Bxe6 Rxe6 14. b4 d5 15. Bb2 dxe4 16. dxe4 Rd6 17. Qc2 b5 18. Qb3 Rb8 19. axb5 axb5 20. Bc1 Qd7 21. Be3 Rd3 22. Rad1 Rd8 23. Rxd3 Qxd3 24. Nd2 Kg7 25. Qa2 Qxc3 26. Qa6 Nxb4 27. Qxb5 Nc2 28. Rc1 Rxd2 29. Bxd2 Qxd2 30. Qb2 Ba3 31. Qxc2 Qxc1+ 0-1

[Event "December 12 Early 2023"]
[Site "https://www.chess.com"]
[Date "2023.12.12"]
[Round "10"]
[White "Tulchynskyi, Feliks"]
[Black "Maksimovic, Bojan"]
[Result "1-0"]
[Board "35"]
[TimeControl "180+1"]
[WhiteFideId "34127895"]
[BlackFideId "14408120"]
[WhiteElo "2550"]
[BlackElo "2890"]
[WhiteTeam "UKR"]
[BlackTeam "BIH"]
[WhiteClock "0:01:13"]
[BlackClock "0:00:00"]

1. d4 a6 2. c4 b5 3. e4 Bb7 4. Nd2 bxc4 5. Bxc4 Nf6 6. f3 e6 7. Bd3 c5 8. Ne2 Nc6 9. Nb3 cxd4 10. Nbxd4 Nxd4 11. Nxd4 Bc5 12. Nb3 Bb6 13. Qe2 d5 14. e5 Nd7 15. f4 O-O 16. Be3 f6 17. exf6 Rxf6 18. O-O a5 19. Nd4 Nc5 20. Rf2 Ne4 21. Bxe4 dxe4 22. Rd1 Bd5 23. Nb5 Bxe3 24. Qxe3 Qe7 25. Nc3 Rd8 26. Rfd2 Rf5 27. Nxe4 h6 28. Nc3 Kh8 29. Nxd5 1-0

[Event "December 12 Early 2023"]
[Site "https://www.chess.com"]
[Date "2023.12.12"]
[Round "10"]
[White "Agibileg, Uurtsaikh"]
[Black "Kamsky, Gata"]
[Result "1-0"]
[Board "36"]
[TimeControl "180+1"]
[WhiteFideId "4901606"]
[BlackFideId "2000024"]
[WhiteElo "2654"]
[BlackElo "2884"]
[WhiteTeam "MGL"]
[BlackTeam "USA"]
[WhiteClock "0:00:44"]
[BlackClock "0:00:00"]

1. d4 Nf6 2. c4 g6 3. Nc3 Bg7 4. e4 d6 5. Be2 e5 6. Nf3 O-O 7. O-O Nbd7 8. Be3 c6 9. d5 c5 10. Ne1 Ne8 11. g4 f5 12. gxf5 gxf5 13. exf5 Nb6 14. Kh1 Bxf5 15. Rg1 Kh8 16. Nf3 Qd7 17. Ng5 Nc7 18. Bd3 Bxd3 19. Qxd3 Qf5 20. Qxf5 Rxf5 21. b3 Raf8 22. Rg3 Bh6 23. Nce4 Bxg5 24. Bxg5 Nc8 25. Rag1 Ne8 26. Bh6 Ne7 27. Bxf8 Rxf8 28. Ng5 h6 29. Rh3 Nf5 30. Ne6 Rf6 31. Rf3 b6 32. Rg4 Kh7 33. h4 a6 34. h5 b5 35. cxb5 axb5 36. a4 bxa4 37. bxa4 1-0

[Event "December 12 Early 2023"]
[Site "https://www.chess.com"]
[Date "2023.12.12"]
[Round "10"]
[White "Skliarov, Viktor"]
[Black "Baskakov, Egor"]
[Result "0-1"]
[Board "37"]
[TimeControl "180+1"]
[WhiteFideId "14106736"]
[BlackFideId "24197866"]
[WhiteElo "2646"]
[BlackElo "2878"]
[WhiteTeam "UKR"]
[BlackTeam "RUS"]
[WhiteClock "0:00:01"]
[BlackClock "0:00:24"]

1. e4 c5 2. Nf3 Nf6 3. e5 Nd5 4. Nc3 e6 5. Nxd5 exd5 6. d4 Nc6 7. c3 d6 8. Bb5 Be7 9. Bf4 O-O 10. exd6 Bxd6 11. Bxd6 Qxd6 12. dxc5 Qxc5 13. Be2 Bg4 14. O-O Rfe8 15. h3 Bh5 16. Nd4 Bxe2 17. Nxe2 Qb5 18. Nf4 Rad8 19. Qb3 Qxb3 20. axb3 d4 21. Rfd1 Re4 22. Nd3 Re2 23. b4 a6 24. Nc5 Rb8 25. b5 axb5 26. cxd4 Rc2 27. b4 Nxb4 28. Nxb7 Nd5 29. Nc5 Nc3 30. Rd3 Rd8 31. d5 Ne2+ 32. Kf1 Nf4 33. Nb7 Rb8 34. Rf3 Nxd5 35. Nd6 Nf6 36. Nxb5 h5 37. Nd4 Rd2 38. Nb3 Rb2 39. Nd4 Ne4 40. Kg1 Rd2 41. Re1 Rxd4 42. Rf4 Rbb4 43. f3 Nf6 0-1

[Event "December 12 Early 2023"]
[Site "https://www.chess.com"]
[Date "2023.12.12"]
[Round "10"]
[White "Finek, Vaclav"]
[Black "Yeritsyaan"]
[Result "0-1"]
[Board "38"]
[TimeControl "180+1"]
[WhiteFideId "23718293"]
[WhiteElo "2828"]
[BlackElo "2643"]
[WhiteTeam "CZE"]
[WhiteClock "0:00:04"]
[BlackClock "0:00:06"]

1. Nf3 Nf6 2. g3 b6 3. Bg2 Bb7 4. O-O e6 5. d3 c5 6. e4 d6 7. Re1 Be7 8. Nbd2 O-O 9. b3 Nbd7 10. a4 a6 11. Bb2 Qc7 12. e5 dxe5 13. Nxe5 Bxg2 14. Kxg2 Nxe5 15. Bxe5 Qb7+ 16. Qf3 Qxf3+ 17. Kxf3 Nd5 18. Nc4 b5 19. axb5 axb5 20. Na3 b4 21. Nc4 Bf6 22. Bxf6 gxf6 23. Ke2 Rfd8 24. Kd2 Kf8 25. f4 f5 26. Ne5 Kg7 27. Nc4 Kf6 28. Ra4 Nc3 29. Rxa8 Rxa8 30. Re5 Nd5 31. Ne3 Rd8 32. Nxd5+ exd5 33. Re1 Ra8 34. Re2 h5 35. Re3 Rd8 36. Re2 Rh8 37. Re5 Rd8 38. d4 cxd4 39. Kd3 Rc8 40. Rxd5 Rc3+ 41. Kd2 Rf3 42. Rd6+ Ke7 43. Rxd4 Rf2+ 44. Kc1 Rxh2 45. Rxb4 Rg2 46. Rb7+ Kf6 47. Rb6+ Kg7 48. Rd6 Rxg3 49. b4 h4 50. Rd2 Rf3 51. Kb2 Rxf4 52. Kb3 Rf3+ 53. c3 f4 54. b5 Rf1 55. Kb2 f3 56. b6 f2 57. b7 Rb1+ 58. Kxb1 f1=Q+ 59. Kc2 Qf5+ 60. Kc1 Qb5 61. Rb2 Qf1+ 62. Kc2 Qf2+ 63. Kb1 Qf1+ 64. Kc2 Qf5+ 65. Kc1 Qf4+ 66. Kb1 Qb8 67. Kc1 h3 68. Kd1 h2 69. Ke2 h1=Q 0-1

[Event "December 12 Early 2023"]
[Site "https://www.chess.com"]
[Date "2023.12.12"]
[Round "10"]
[White "Skatchkov, Valery"]
[Black "Klukin, Kirill"]
[Result "0-1"]
[Board "39"]
[TimeControl "180+1"]
[WhiteFideId "24195812"]
[BlackFideId "24199273"]
[WhiteElo "2634"]
[BlackElo "2792"]
[WhiteTeam "RUS"]
[BlackTeam "RUS"]
[WhiteClock "0:02:30"]
[BlackClock "0:01:59"]

1. d4 Nf6 2. c4 Nc6 3. Nf3 e6 4. a3 d6 5. Nc3 g6 6. e4 Bg7 7. d5 Nb8 8. h3 O-O 9. Be3 exd5 10. exd5 Re8 11. Bd3 Bh6 12. O-O Bxe3 13. fxe3 Qe7 14. Rf2 Nbd7 15. Qf1 Kg7 16. Re1 Nh5 17. Nb5 Ng3 0-1

[Event "December 12 Early 2023"]
[Site "https://www.chess.com"]
[Date "2023.12.12"]
[Round "10"]
[White "Renjith, Sravan"]
[Black "Dragnev, Valentin"]
[Result "0-1"]
[Board "40"]
[TimeControl "180+1"]
[WhiteFideId "4306783"]
[BlackFideId "1634852"]
[WhiteElo "2640"]
[BlackElo "2788"]
[WhiteTeam "NZL"]
[BlackTeam "AUT"]
[WhiteClock "0:00:03"]
[BlackClock "0:00:20"]

1. e4 d5 2. exd5 Qxd5 3. Nc3 Qd8 4. d4 Nf6 5. Nf3 g6 6. Bf4 Bg7 7. Qd2 c6 8. O-O-O Bg4 9. Be2 Nbd7 10. Ne5 Be6 11. Bh6 Bxh6 12. Qxh6 Qa5 13. Nxd7 Nxd7 14. a3 Nf6 15. Qe3 O-O-O 16. Bf3 Rhe8 17. Qe5 Qxe5 18. dxe5 Nd7 19. Rhe1 Nb6 20. b3 Rxd1+ 21. Bxd1 Bd5 22. f3 Kc7 23. a4 a5 24. g3 h5 25. f4 h4 26. Nxd5+ Nxd5 27. Bf3 Rh8 28. Bxd5 cxd5 29. e6 f6 30. g4 Kd6 31. h3 Rc8 32. Kd2 d4 33. Kd3 Kd5 34. g5 Rc3+ 35. Kd2 fxg5 36. Re5+ Kd6 37. Rxg5 Rxh3 38. Rxg6 Rf3 39. Rh6 Rxf4 40. Kd3 b6 41. Kc4 Re4 42. Kd3 Kd5 43. Rh5+ Re5 44. Rxh4 Re3+ 45. Kd2 Rxe6 46. Rh5+ Re5 47. Rh6 Kc5 48. Rh8 Rg5 49. Rc8+ Kd5 50. Rd8+ Ke4 51. Rd7 e5 52. Rd6 Rg2+ 53. Kc1 Ke3 54. Rxb6 e4 55. b4 axb4 56. Rxb4 d3 57. cxd3 exd3 58. Rb8 Rg1+ 59. Kb2 d2 60. Re8+ Kf4 0-1

[Event "December 12 Early 2023"]
[Site "https://www.chess.com"]
[Date "2023.12.12"]
[Round "10"]
[White "Wagh Suyog"]
[Black "Antunez Soler, Luis"]
[Result "1-0"]
[Board "41"]
[TimeControl "180+1"]
[WhiteFideId "25071688"]
[BlackFideId "3513335"]
[WhiteElo "2787"]
[BlackElo "2631"]
[WhiteTeam "IND"]
[BlackTeam "CUB"]
[WhiteClock "0:00:08"]
[BlackClock "0:00:00"]

1. e4 e6 2. d4 d5 3. Nd2 Be7 4. Ngf3 Nf6 5. e5 Nfd7 6. Bd3 c5 7. c3 Nc6 8. O-O a5 9. Re1 cxd4 10. Nb3 dxc3 11. bxc3 a4 12. Nbd4 Nc5 13. Bc2 Bd7 14. Rb1 O-O 15. h4 h6 16. h5 Rc8 17. Ba3 Ne4 18. Bxe7 Nxe7 19. Bxe4 dxe4 20. Rxe4 Nd5 21. Ne2 Qc7 22. c4 Ne7 23. Rg4 Bc6 24. Ned4 Rfd8 25. Qc1 Nf5 26. Nxc6 Qxc6 27. Qb2 Rd7 28. c5 Rcd8 29. Qc2 Rd5 30. Qxa4 Qxc5 31. Rc4 Qe7 32. Qc2 Qa3 33. Rc3 Qa6 34. Rcb3 Nd4 35. Nxd4 Rxd4 36. Rxb7 Rd2 37. Qe4 Qxa2 38. Qf3 Rf8 39. Rc1 Qd5 40. Rxf7 Rxf7 41. Rc8+ Kh7 42. Qxf7 Rd1+ 43. Kh2 Rh1+ 44. Kxh1 Qd1+ 45. Kh2 1-0

[Event "December 12 Early 2023"]
[Site "https://www.chess.com"]
[Date "2023.12.12"]
[Round "10"]
[White "Borgaonkar Akshay"]
[Black "Korchmar, Vasiliy"]
[Result "1-0"]
[Board "42"]
[TimeControl "180+1"]
[WhiteFideId "25639110"]
[BlackFideId "24131750"]
[WhiteElo "2630"]
[BlackElo "2776"]
[WhiteTeam "IND"]
[BlackTeam "RUS"]
[WhiteClock "0:02:01"]
[BlackClock "0:01:06"]

1. d4 Nf6 2. Bf4 d5 3. Nc3 a6 4. e3 b5 5. Nf3 e6 6. Ne5 Bb7 7. g4 Bb4 8. f3 Nfd7 9. h4 Nxe5 10. Bxe5 f6 11. Bg3 Nd7 12. a3 Bxc3+ 13. bxc3 c6 14. Bd6 Nb6 15. Bf4 Na4 16. Qd2 Qa5 17. g5 Qxc3 18. Rg1 Qxa1+ 19. Kf2 Qxa3 20. gxf6 gxf6 21. Rg7 Bc8 22. Qa5 Bd7 23. Rxd7 Kxd7 24. Qc7+ Ke8 25. Bd6 Ra7 26. Qxc6+ 1-0

[Event "December 12 Early 2023"]
[Site "https://www.chess.com"]
[Date "2023.12.12"]
[Round "10"]
[White "Spata, German"]
[Black "Gormally, Daniel W"]
[Result "1/2-1/2"]
[Board "43"]
[TimeControl "180+1"]
[WhiteFideId "113026"]
[BlackFideId "406465"]
[WhiteElo "2621"]
[BlackElo "2762"]
[WhiteTeam "ARG"]
[BlackTeam "ENG"]
[WhiteClock "0:00:08"]
[BlackClock "0:00:19"]

1. Nf3 d5 2. b3 c6 3. Bb2 Bg4 4. e3 Nd7 5. Be2 Ngf6 6. c4 e6 7. cxd5 exd5 8. O-O Bd6 9. d3 Qe7 10. a3 O-O 11. Nbd2 Rfe8 12. Re1 a5 13. Qc2 Rac8 14. Qc3 Bxf3 15. Nxf3 Nc5 16. Bf1 a4 17. bxa4 Nxa4 18. Qc2 Nxb2 19. Qxb2 Ra8 20. a4 Ra7 21. Reb1 g6 22. d4 Kg7 23. Bd3 Rea8 24. g3 Ng4 25. Kg2 f5 26. h3 Nf6 27. Ne5 Bxe5 28. dxe5 Nd7 29. f4 Nc5 30. Bc2 Ne6 31. Qc3 Qc5 32. Qxc5 Nxc5 33. Rb6 Kf7 34. Rab1 Ke7 35. g4 Rf8 36. Kf3 Kd7 37. gxf5 gxf5 38. Rg1 Kc7 39. Rbb1 Rf7 40. Rg5 Ne4 41. Bxe4 dxe4+ 42. Kg3 Rxa4 43. e6 Re7 44. Rxf5 Kd6 45. Rf7 b5 46. Rxe7 Kxe7 47. f5 Kf6 48. Kf4 Ra2 49. Rc1 Rf2+ 50. Kxe4 Rxf5 51. Rxc6 Re5+ 52. Kd4 Rxe6 53. Rc7 h5 54. Rc5 Rd6+ 55. Ke4 Re6+ 56. Kf4 Rb6 57. Rxh5 Kg6 58. Rg5+ Kf6 59. Rh5 Kg6 60. Rg5+ Kf6 61. Rg2 b4 62. Rb2 b3 63. Ke4 Rb4+ 64. Kd5 Kf5 65. h4 Rxh4 66. Rxb3 Re4 67. Rc3 Re5+ 68. Kd4 Re4+ 69. Kd3 Re8 70. Rc6 Rd8+ 71. Ke2 Rh8 72. Kf3 Rh3+ 73. Ke2 Ke4 74. Rc4+ Kd5 75. Rb4 Ke5 76. Kd3 Rg3 77. Rb5+ Ke6 78. Kd4 Rg4+ 79. e4 Rg1 80. Rb6+ Ke7 81. Kd5 Rg5+ 82. Kd4 Kd7 83. Ra6 Ke7 84. Ra7+ Ke6 85. Ra6+ Ke7 86. Rh6 Ra5 87. Rh7+ Ke6 88. Rh6+ Ke7 89. Rh1 Ra4+ 90. Ke5 Ra5+ 91. Kf4 Rb5 92. e5 Rb2 93. Rh7+ Ke6 94. Rh6+ Ke7 95. Rh7+ Ke6 96. Rh6+ Ke7 97. Ra6 Rf2+ 98. Ke4 Rd2 99. Ra7+ Ke6 100. Ra6+ Ke7 101. Ra4 Kd7 102. Rd4+ Rxd4+ 103. Kxd4 Ke6 104. Ke4 Ke7 105. Kf5 Kf7 106. Kf4 Ke7 107. Ke4 Ke6 108. Kd4 Kd7 109. Kd5 Ke7 110. e6 Ke8 111. Ke5 Ke7 112. Kf5 Ke8 113. Ke5 Ke7 114. Kd5 Ke8 115. Kd6 Kd8 116. e7+ Ke8 117. Ke6 1/2-1/2

[Event "December 12 Early 2023"]
[Site "https://www.chess.com"]
[Date "2023.12.12"]
[Round "10"]
[White "Saravana, Krishnan P."]
[Black "Shuvalova, Polina"]
[Result "1-0"]
[Board "44"]
[TimeControl "180+1"]
[WhiteFideId "5018382"]
[BlackFideId "24171760"]
[WhiteElo "2609"]
[BlackElo "2760"]
[WhiteTeam "IND"]
[BlackTeam "RUS"]
[WhiteClock "0:00:42"]
[BlackClock "0:00:05"]

1. e4 c6 2. Nf3 d5 3. exd5 cxd5 4. Ne5 Nc6 5. d4 Nf6 6. Bb5 Bd7 7. Nxd7 Qxd7 8. O-O e6 9. c3 Bd6 10. Nd2 O-O 11. Bd3 Qc7 12. g3 Rfe8 13. Re1 Rab8 14. Nf3 b5 15. a3 a5 16. b4 Ne7 17. Bd2 Nf5 18. Qe2 Bf8 19. Bxb5 Rec8 20. Bd3 Nd6 21. Ne5 Nfe4 22. Rec1 g6 23. Be1 Qa7 24. b5 Qc7 25. a4 Bg7 26. Nc6 Ra8 27. c4 Nf6 28. c5 Nf5 29. Bxf5 gxf5 30. Bd2 Ne4 31. Bf4 Qd7 32. Ne5 Qe8 33. b6 Rab8 34. f3 Nf6 35. Rab1 Nh5 36. b7 Rc7 37. c6 Nxf4 38. gxf4 Bxe5 39. Qxe5 Qe7 40. Rb6 f6 41. Qe1 Kf7 42. Kh1 Qd6 43. Qh4 Kg8 44. Qxf6 Rf7 45. Rg1+ Kf8 46. Qh8+ Ke7 47. Qxb8 Qxb8 48. c7 Qxc7 49. b8=Q Qc3 50. Rb7+ Kf6 51. Qh8+ 1-0

[Event "December 12 Early 2023"]
[Site "https://www.chess.com"]
[Date "2023.12.12"]
[Round "10"]
[White "Vestby-Ellingsen, Mads"]
[Black "Gan-Erdene, Sugar"]
[Result "0-1"]
[Board "45"]
[TimeControl "180+1"]
[WhiteFideId "1520857"]
[BlackFideId "4902980"]
[WhiteElo "2599"]
[BlackElo "2742"]
[WhiteTeam "NOR"]
[BlackTeam "MGL"]
[WhiteClock "0:00:01"]
[BlackClock "0:01:21"]

1. d4 Nf6 2. Bg5 g6 3. Bxf6 exf6 4. e3 Bg7 5. g3 O-O 6. Bg2 f5 7. Ne2 d6 8. c4 Nd7 9. Nbc3 h5 10. Qd3 Nf6 11. O-O h4 12. b4 Re8 13. b5 Ng4 14. Bf3 Nh6 15. a4 Rb8 16. a5 Bd7 17. a6 b6 18. Rad1 Qg5 19. Nf4 Ng4 20. Kg2 Qh6 21. Ncd5 Rbc8 22. Rh1 g5 23. Ne2 Nf6 24. Nxf6+ Bxf6 25. Nc3 Kg7 26. Bb7 f4 27. Nd5 f3+ 28. Kxf3 Qh5+ 29. Kg2 Bd8 30. Bxc8 h3+ 31. Kg1 Qf3 32. Qf1 Bxc8 33. Nb4 Bf5 34. Nc2 Be4 35. Ne1 Qxh1# 0-1

[Event "December 12 Early 2023"]
[Site "https://www.chess.com"]
[Date "2023.12.12"]
[Round "10"]
[White "Srihari L R"]
[Black "Kislinsky, Alexey"]
[Result "1-0"]
[Board "46"]
[TimeControl "180+1"]
[WhiteFideId "46617116"]
[BlackFideId "14108801"]
[WhiteElo "2734"]
[BlackElo "2656"]
[WhiteTeam "IND"]
[BlackTeam "CZE"]
[WhiteClock "0:00:14"]
[BlackClock "0:00:21"]

1. c4 g6 2. Nc3 c5 3. Nf3 Bg7 4. e3 d6 5. d4 cxd4 6. exd4 Nf6 7. Be2 O-O 8. O-O Nc6 9. d5 Nb8 10. h3 Nbd7 11. Re1 Nc5 12. Bf1 Bd7 13. Bf4 Rc8 14. Qd2 a5 15. Bh6 Re8 16. Bxg7 Kxg7 17. Nd4 e5 18. dxe6 Bxe6 19. Rad1 Qb6 20. Ndb5 Rcd8 21. Nxd6 Rh8 22. Ncb5 Nce4 23. Qe3 Qxe3 24. Rxe3 Nxd6 25. Nxd6 b6 26. Rb3 Nd7 27. Rbd3 Rb8 28. b3 Nc5 29. Rd4 Rhd8 30. Nf5+ Bxf5 31. Rxd8 Rxd8 32. Rxd8 Bb1 33. Rd2 Kf6 34. Rb2 Bf5 35. a3 Ke5 36. b4 Na4 37. Rd2 Be6 38. Rd8 Nb2 39. c5 bxc5 40. bxc5 Na4 41. c6 Nb6 42. c7 Bc8 43. Rxc8 Nxc8 44. Ba6 Nb6 45. c8=Q Nxc8 46. Bxc8 Kd4 47. a4 1-0

[Event "December 12 Early 2023"]
[Site "https://www.chess.com"]
[Date "2023.12.12"]
[Round "10"]
[White "Pakleza, Zbigniew"]
[Black "Silva Lucena, Cristian"]
[Result "1-0"]
[Board "47"]
[TimeControl "180+1"]
[WhiteFideId "1119290"]
[BlackFideId "2232588"]
[WhiteElo "2711"]
[BlackElo "2543"]
[WhiteTeam "POL"]
[BlackTeam "ESP"]
[WhiteClock "0:00:05"]
[BlackClock "0:00:01"]

1. d4 d5 2. Nf3 e6 3. Bf4 Bd6 4. Bg3 Nf6 5. Nbd2 b6 6. e3 Ba6 7. Bxa6 Nxa6 8. c4 O-O 9. Qa4 Nb8 10. Rc1 c6 11. O-O Qe7 12. Ne5 Bxe5 13. dxe5 Nfd7 14. b4 a5 15. cxd5 exd5 16. b5 c5 17. Nf3 f6 18. Qb3 c4 19. Qd1 Qf7 20. Qd4 fxe5 21. Nxe5 Nxe5 22. Bxe5 Nd7 23. Bd6 Rfe8 24. Rfd1 Nf6 25. Be5 Nd7 26. Bg3 Nc5 27. Qxd5 Qxd5 28. Rxd5 Rad8 29. Rxd8 Rxd8 30. h4 Rd2 31. Rxc4 Rxa2 32. Bc7 Nd3 33. Bxb6 a4 34. Bd4 a3 35. b6 Rb2 36. Ra4 Rb1+ 37. Kh2 Rb3 38. f3 Nb4 39. Ra8+ Kf7 40. Ra7+ Ke6 41. Bxg7 Nd5 42. b7 Nxe3 43. Rxa3 Nf1+ 44. Kg1 1-0

[Event "December 12 Early 2023"]
[Site "https://www.chess.com"]
[Date "2023.12.12"]
[Round "10"]
[White "Hrebenshchykova, Yelyzaveta"]
[Black "Tokhirjonova, Gulrukhbegim"]
[Result "1-0"]
[Board "48"]
[TimeControl "180+1"]
[WhiteFideId "14159899"]
[BlackFideId "14203626"]
[WhiteElo "2492"]
[BlackElo "2669"]
[WhiteTeam "UKR"]
[BlackTeam "USA"]
[WhiteClock "0:00:05"]
[BlackClock "0:00:08"]

1. e4 e5 2. Nf3 Nc6 3. Bb5 a6 4. Ba4 Nf6 5. O-O Nxe4 6. d4 b5 7. Bb3 d5 8. dxe5 Be6 9. Be3 Be7 10. c3 O-O 11. Nbd2 Nc5 12. Bc2 h6 13. h3 Nd7 14. Bf4 Re8 15. Nb3 Nf8 16. Re1 Qd7 17. Nfd4 Nxd4 18. cxd4 Rec8 19. Rc1 a5 20. Bb1 Bb4 21. Re3 Ra6 22. a3 Be7 23. Rg3 Bf5 24. Qd2 Bxb1 25. Rxb1 a4 26. Bxh6 Ng6 27. Nc5 Bxc5 28. dxc5 gxh6 29. Qxh6 Qf5 30. Re1 Re6 31. h4 Rce8 32. h5 d4 33. hxg6 Rxg6 34. Rxg6+ fxg6 35. e6 Rxe6 36. Rxe6 Qxe6 37. Qf4 Qd7 38. c6 Qxc6 39. Qxd4 Qc1+ 40. Kh2 Qh6+ 41. Kg1 Qc1+ 42. Kh2 Qc6 43. g3 Kh7 44. Qe5 Qc4 45. Qe7+ Kh6 46. Qf8+ Kh7 47. Qe7+ Kg8 48. Qe8+ Kg7 49. Qe7+ Kh6 50. Qe3+ g5 51. Qe5 Kg6 52. Qe8+ Kf6 53. Qf8+ Ke5 54. Qg7+ Kf5 55. Qh7+ Ke6 56. Qg6+ Kd7 57. Qxg5 Qc2 58. Qg4+ Kc6 59. Qf4 Kb6 60. g4 Qxb2 61. g5 Qxa3 62. Qf6+ c6 63. g6 Qc5 64. g7 Qh5+ 65. Kg2 Qg4+ 66. Kf1 Qd1+ 67. Kg2 Qg4+ 68. Kh2 Qh5+ 69. Kg3 Qh7 70. Qd8+ Kc5 71. g8=Q Qxg8+ 72. Qxg8 a3 73. Qb3 b4 74. f4 Kb5 75. f5 c5 76. f6 c4 77. Qd1 b3 78. f7 a2 79. f8=Q b2 80. Qb8+ Kc5 81. Qxb2 1-0